 Dungeon Crawl Stone Soup version 0.15.0-23-gc2b521c (webtiles) character file.

56 Nebuchadnezzar the Twirler (level 3, -1/40 HPs)
             Began as a Demonspawn Gladiator on Sept 9, 2014.
             Slain by an ooze (2 damage)
             ... on Level 3 of the Dungeon.
             The game lasted 00:06:05 (1857 turns).

Nebuchadnezzar the Twirler (Demonspawn Gladiator)   Turns: 1857, Time: 00:06:05

HP  -1/40        AC 23     Str 16      XL: 3   Next: 69%
MP   3/3         EV  2     Int 11      God:
Gold 81          SH  0     Dex 13      Spells:  0 memorised,  2 levels left

rFire  . . .     SeeInvis .     a - +1 quarterstaff
rCold  + . .     Clarity  +     y - melded +0 scale mail
rNeg   + + +     rCorr    .     (no shield)
rPois  +         rRot     .     c - +1 helmet
rElec  .         Spirit   .     (cloak currently unavailable)
SustAb .         Warding  .     (gloves currently unavailable)
rMut   .         NoTele   +     (boots currently unavailable)
Gourm  .                        i - cursed amulet of inaccuracy
MR     .....                    t - +2 ring of evasion
                                e - ring of protection from cold

@: tree-form, not resistant to hostile enchantments, very unstealthy
A: (talons 0), (thin metallic scales 0), blink 1, blurry vision 1, clarity,
clever 1, (electricity resistance), teleportitis 1
a: Blink


You were on level 3 of the Dungeon.
You were hungry.
You were an animated tree.
You visited 1 branch of the dungeon, and saw 3 of its levels.

You collected 81 gold pieces.

Inventory:

Hand weapons
 a - a +1 quarterstaff (weapon)
Missiles
 d - 3 throwing nets (quivered)
 g - 10 sling bullets
 r - 12 arrows
Armour
 b - a +0 leather armour
 c - a +1 helmet (worn)
 o - a +0 ring mail
 y - a +0 scale mail (melded)
Magical devices
 k - a wand of cold (2)
Comestibles
 f - a bread ration
 h - a beef jerky
 j - 2 meat rations
 m - a royal jelly
 n - 2 slices of pizza
 v - 4 fruits
Scrolls
 u - 2 scrolls of identify
Jewellery
 e - a ring of protection from cold (left branch)
 i - a cursed amulet of inaccuracy (around neck)
 t - a +2 ring of evasion (right branch)
Potions
 l - 2 potions of haste
 q - a potion of restore abilities {unknown}
 s - a potion of flight {unknown}
 w - a potion of curing {unknown}
Magical staves
 x - an uncursed staff of conjuration


   Skills:
 - Level 2.0 Fighting
 * Level 4.2 Staves
 - Level 1.7 Throwing
 - Level 2.6 Dodging


You had 2 spell levels left.
You didn't know any spells.

Dungeon Overview and Level Annotations

Branches:
Dungeon (3/15)

Altars:
Ashenzari
Kikubaaqudgha
Makhleb
Sif Muna

Annotations:
D:2 Sigmund
D:3 Grinder


Innate Abilities, Weirdness & Mutations

((You are partially covered in thin metallic scales (AC +2).))
((You have sharp toenails.))
You can translocate small distances at will.
Your vision is a little blurry.
You possess an exceptional clarity of mind.
Your mind is acute. (Int +2)
((You are resistant to electric shocks.))
Space occasionally distorts in your vicinity.


Message History

You hit Grinder.
Grinder is lightly wounded.
The ooze hits you but does no damage. Grinder hits you but does no damage.
Unknown command.
You hit Grinder.
Grinder is moderately wounded.
Grinder hits you but does no damage. The ooze hits you but does no damage.
Unknown command.
You miss Grinder.
Grinder is moderately wounded.
Grinder says, "DUCK!"
Grinder gestures at you.
You are unaffected.
The ooze hits you but does no damage.
Unknown command.
You sock Grinder!
Grinder is heavily wounded.
Grinder hits you.
* * * LOW HITPOINT WARNING * * *
The ooze hits you.
You die...

.........# .........#
.........# .........#
.#.......# .........# .#
#........## ######.###
#.........#####..J......#
#.###...........♣5...!$.#
..# ###...#####.........#
#......#... #......[..
######...... ##########
## ##.#.## .######.#.#
........... ###.##.###.
#.......


You could see Grinder and an ooze.

Vanquished Creatures
  2 adders (D:3)
  A ball python (D:2)
  7 goblins
  A hobgoblin (D:1)
  5 kobolds
  2 quokkas (D:3)
  11 bats
  2 giant cockroaches
  A giant newt (D:2)
  2 jackals (D:3)
  2 rats
36 creatures vanquished.

Notes
Turn   | Place    | Note
--------------------------------------------------------------
     0 | D:1      | Nebuchadnezzar, the Demonspawn Gladiator, began the quest for the Orb.
     0 | D:1      | Reached XP level 1. HP: 16/16 MP: 1/1
    98 | D:1      | Reached skill level 3 in Staves
   222 | D:1      | Gained mutation: You are partially covered in thin metallic scales (AC +2). [demonic ancestry]
   222 | D:1      | Reached XP level 2. HP: 22/22 MP: 2/2
   660 | D:1      | Gained mutation: You are resistant to electric shocks. [potion of mutation]
   660 | D:1      | Gained mutation: Your mind is acute. (Int +2) [potion of mutation]
   660 | D:1      | Gained mutation: You have sharp toenails. [potion of mutation]
   851 | D:2      | Gained mutation: Space occasionally distorts in your vicinity. [potion of mutation]
   851 | D:2      | Gained mutation: You can translocate small distances at will. [potion of mutation]
   851 | D:2      | Gained mutation: You possess an exceptional clarity of mind. [potion of mutation]
   857 | D:2      | Found a shattered altar of Ashenzari.
   871 | D:2      | Found a burning altar of Makhleb.
   906 | D:2      | Found an ancient bone altar of Kikubaaqudgha.
   918 | D:2      | Found a deep blue altar of Sif Muna.
   992 | D:2      | Noticed Sigmund
  1339 | D:2      | Reached XP level 3. HP: 27/27 MP: 3/3
  1525 | D:3      | Reached skill level 4 in Staves
  1813 | D:3      | Gained mutation: Your vision is a little blurry. [potion of mutation]
  1834 | D:3      | Noticed Grinder
  1857 | D:3      | HP: 1/40 [Grinder (4)]
  1857 | D:3      | Slain by an ooze

Action                   || total
-------------------------++-------
Melee: Quarterstaff      ||   103
Evoke: Wand              ||     1
  Use: Scroll            ||    11
       Potion            ||     5
  Eat: Chunk             ||     2
